 Dungeon Crawl Stone Soup version 0.30.0-29-ga12c61a403 (webtiles) character file.

Game seed: 18058726321226715582

68395 Peloso the Peltast (level 14, -7/129 HPs)
             Began as a Minotaur Fighter on June 8, 2023.
             Was an Elder of Okawaru.
             Killed from afar by a lich (11 damage)
             ... with a bolt of cold
             ... on level 2 of the Abyss.
             The game lasted 00:58:24 (24613 turns).

Peloso the Peltast (Minotaur Fighter)              Turns: 24613, Time: 00:58:25

Health: -7/129     AC: 15    Str: 43    XL:     14   Next: 86%
Magic:  0/14       EV: 13    Int:  9    God:    Okawaru [****..]
Gold:   720        SH: 22    Dex: 19    Spells: 13/13 levels left

rFire   . . .        a - +2 falchion "Testudinebane" {vamp, Dex+2}
rCold   + . .        d - +0 tower shield
rNeg    + . .        r - +0 chain mail of Ducriba {Str+5}
rPois   +            (helmet restricted)
rElec   .            (no cloak)
rCorr   +            m - +1 pair of gloves of the Puckish God {Str+5 Dex+5}
SInv    +            (no boots)
Will    +....        Q - amulet of Cynicism {Spirit rPois Str+3 Int+4} Stlth
                     e - ring of protection from cold
HPRegen 0.41/turn    Z - ring "Taru" {rN+ rCorr Str+6 SInv}
MPRegen 0.14/turn

%: guardian spirit
@: studying Air Magic
A: horns 2, retaliatory headbutt
a: Renounce Religion, Heroism, Finesse


You were on level 2 of the Abyss.
You worshipped Okawaru.
Okawaru was greatly pleased with you.
You visited 4 branches of the dungeon, and saw 21 of its levels.
You visited the Abyss 1 time.
You also visited: Sewer, Ossuary and Gauntlet.

You collected 1825 gold pieces.
You spent 1105 gold pieces at shops.

Inventory:

Hand Weapons
 a - the +2 falchion "Testudinebane" (weapon) {vamp, Dex+2}
   (Okawaru gifted it to you on level 14 of the Dungeon)

   Dex:       It affects your dexterity (+2).
 b - a +0 war axe of flaming
 c - the +6 war axe of Intuition {elec, MP+9}
   (You found it on level 7 of the Dungeon)

   MP:        It affects your magic capacity (+9).
 z - a +0 double sword of chaos
Missiles
 G - a throwing net (quivered)
Armour
 d - a +0 tower shield (worn)
 m - the +1 pair of gloves of the Puckish God (worn) {Str+5 Dex+5}
   (You found it on level 3 of the Dungeon)

   Str:       It affects your strength (+5).
   Dex:       It affects your dexterity (+5).
 r - the +0 chain mail of Ducriba (worn) {Str+5}
   (Okawaru gifted it to you in a Gauntlet)

   Str:       It affects your strength (+5).
 K - the +0 pair of boots "Dunil" {Rampage *Corrode Fly rPois}
   (You bought it in a shop on level 11 of the Dungeon)

   rPois:     It protects you from poison.
   Fly:       It grants you flight.
   *Corrode:  It may corrode you when you take damage.
   Rampage:   It bestows one free step when moving towards enemies.
Jewellery
 e - a ring of protection from cold (left hand)
 f - an amulet of faith
 w - an amulet of magic regeneration
 x - a +4 ring of protection
 B - a +6 ring of strength
 H - a ring of fire
 O - a +6 ring of dexterity
 P - an amulet of regeneration
 Q - the amulet of Cynicism (around neck) {Spirit rPois Str+3 Int+4}
   (You found it in a Gauntlet)

   [amulet of guardian spirit]

   It causes incoming damage to be divided between your reserves of health and
   magic.
   Str:       It affects your strength (+3).
   Int:       It affects your intelligence (+4).
   rPois:     It protects you from poison.
 R - a ring of magical power
 T - a ring of see invisible
 W - a ring of resist corrosion
 X - a ring of protection from fire
 Z - the ring "Taru" (right hand) {rN+ rCorr Str+6 SInv}
   (You bought it in a shop on level 12 of the Dungeon)

   [ring of strength]

   Str:       It affects your strength (+6).
   rN:        It protects you from negative energy.
   SInv:      It lets you see invisible.
   rCorr:     It protects you from acid and corrosion.
Wands
 p - a wand of mindburst (4)
 y - a wand of polymorph (9)
 A - a wand of iceblast (25)
 C - a wand of quicksilver (11)
 U - a wand of flame (20)
Scrolls
 g - 4 scrolls of noise
 h - 5 scrolls of amnesia
 i - 8 scrolls of teleportation
 k - 2 scrolls of fog
 s - a scroll of blinking
 v - 3 scrolls of enchant armour
 E - a scroll of magic mapping
 J - 9 scrolls of identify
 L - a scroll of immolation
 M - a scroll of poison
 N - 2 scrolls of silence
 Y - a scroll of fear
Potions
 j - a potion of berserk rage
 l - 10 potions of curing
 n - 4 potions of mutation
 o - 6 potions of heal wounds
 q - a potion of haste
 t - 3 potions of flight
 u - 2 potions of brilliance
 D - 3 potions of might
 F - 3 potions of magic
 I - a potion of invisibility
Miscellaneous
 S - a phial of floods
 V - a lightning rod (4/4)


   Skills:
 + Level 13.5 Fighting
 + Level 15.9 Long Blades
 + Level 2.0 Axes
 + Level 13.6 Armour
 + Level 5.9 Dodging
 + Level 1.1 Stealth
 + Level 19.1 Shields
 + Level 2.5 Invocations
 + Level 0.2 Evocations


You had 13 spell levels left.
You didn't know any spells.
Your spell library contained the following spells:

 Spells                   Type           Power      Damage    Failure   Level
 Apportation              Tloc           0%         N/A       77%         1
 Beastly Appendage        Tmut           0%         N/A       77%         1
 Freeze                   Ice            0%         1d3       77%         1
 Kiss of Death            Conj/Necr      0%         2d5       77%         1
 Magic Dart               Conj           0%         1d3       77%         1
 Necrotise                Necr           0%         1d4       77%         1
 Blink                    Tloc           0%         N/A       88%         2
 Ensorcelled Hibernation  Hex/Ice        0%         N/A       88%         2
 Lesser Beckoning         Tloc           0%         N/A       88%         2
 Momentum Strike          Conj/Tloc      0%         3d8       88%         2
 Passwall                 Tmut/Erth      0%         N/A       88%         2
 Searing Ray              Conj           0%         2d4       88%         2
 Static Discharge         Conj/Air       0%         2-2/arc   88%         2
 Wereblood                Tmut           0%         N/A       88%         2
 Confusing Touch          Hex            0%         N/A       98%         3
 Dazzling Flash           Conj/Hex       0%         N/A       98%         3
 Frozen Ramparts          Ice            0%         1d1       98%         3
 Gell's Gravitas          Tloc           0%         N/A       98%         3
 Hailstorm                Conj/Ice       0%         3d3       98%         3
 Spider Form              Tmut/Pois      0%         N/A       98%         3
 Swiftness                Air            0%         N/A       98%         3
 Teleport Other           Tloc           0%         N/A       98%         3
 Airstrike                Air            0%         2d(0-16)  100%        4
 Anguish                  Hex/Necr       0%         N/A       100%        4
 Cause Fear               Hex            0%         N/A       100%        4
 Dispel Undead            Necr           0%         3d6       100%        4
 Fulminant Prism          Conj/Hex       0%         3d5       100%        4
 Ice Form                 Ice/Tmut       0%         N/A       100%        4
 Agony                    Necr           0%         N/A       100%        5
 Blade Hands              Tmut           0%         N/A       100%        5
 Irradiate                Conj/Tmut      0%         3d11      100%        5
 Silence                  Hex/Air        0%         N/A       100%        5
 Conjure Ball Lightning   Conj/Air       0%         3x3d6     100%        6
 Dispersal                Tloc           0%         N/A       100%        6
 Eringya's Noxious Bog    Tmut/Pois      0%         N/A       100%        6
 Dragon Form              Tmut           0%         N/A       100%        7
 Discord                  Hex            0%         N/A       100%        8
 Disjunction              Tloc           0%         N/A       100%        8
 Summon Small Mammal      Summ           Unusable   N/A       N/A         1
 Summon Ice Beast         Ice/Summ       Unusable   N/A       N/A         4
 Summon Lightning Spire   Summ/Air       Unusable   N/A       N/A         4
 Summon Forest            Summ/Tloc      Unusable   N/A       N/A         5
 Summon Hydra             Summ           Unusable   N/A       N/A         7
 Dragon's Call            Summ           Unusable   N/A       N/A         9

Dungeon Overview and Level Annotations

Branches:
Dungeon (14/15)            Temple (1/1) D:5            Lair (4/5) D:10
 Shoals (0/4) Lair:2       Spider (0/4) Lair:2          Orc (2/2) D:12
    Elf (0/3) Orc:2        Vaults (0/5) D:14          Sewer (visited)
Ossuary (visited)         Gauntlet (visited)
  Slime: Lair:4-5

Altars:
Ashenzari
Cheibriados
Dithmenos
Elyvilon
Fedhas
Gozag
Hepliaklqana
Kikubaaqudgha
Makhleb
Nemelex Xobeh
Okawaru
Qazlal
Ru
Sif Muna
Trog
Uskayaw
Vehumet
Wu Jian
Xom
Yredelemnul
Zin
The Shining One

Shops:
D:4 ?   D:11 *   D:12 =   Orc:2 =([*

Annotations:
Lair:3 1 runed translucent door


Innate Abilities, Weirdness & Mutations

You have a pair of horns on your head.
You reflexively headbutt those who attack you in melee.


Message History

You hit the lich but do no damage. You headbutt the lich!
The lich is lightly damaged.
You hit the lich. You headbutt the lich.
The lich is lightly damaged.
A chorus of shrieks assaults your mind.
* * * LOW HITPOINT WARNING * * *
A starcursed mass splits.
The lich touches you.
* * * LOW HITPOINT WARNING * * *
Unknown command.
You slash the lich!
The lich is moderately damaged.
The lich touches you but does no damage.
Unknown command.
You hit the lich but do no damage.
The lich is moderately damaged.
The lich touches you but does no damage.
You hit the lich. You headbutt the lich.
The lich is moderately damaged.
Unknown command.
You hit the lich.
You headbutt the lich, but do no damage.
The lich is heavily damaged.
You block the lich's attack.
You completely miss the lich.
You headbutt the lich, but do no damage.
The lich is moderately damaged.
The lich touches you but does no damage.
Unknown command.
You hit the lich but do no damage.
The lich is moderately damaged.
The lich casts a spell at you. The bolt of cold misses you.
A chorus of shrieks assaults your mind.
* * * LOW HITPOINT WARNING * * *
Unknown command.
You hit the lich. You headbutt the lich!
The lich is heavily damaged.
The lich points at you and mumbles some strange words.
The bolt of cold hits you! You resist.
You die...

.## #####
###..##
#...##...##..#
#. #...#.###..#
###.... .
..#..# .# .#...
#.#..# #.
.###..X##..# #
.##.#...#XXL@.#
#.... .
#.###...# ..
.......## #.###
## ...## #.#
#.. .# ... ##.
#.# . # . # ..#
..# #* .# #.# .
# ..


You could see 3 starcursed masses and a lich (fast, invisible).

Vanquished Creatures
  Frances (D:14)
  2 orc warlords (Orc:2)
  A quicksilver ooze (Gauntlet)
  A minotaur (Gauntlet)
  A blizzard demon (Gauntlet)
  Josephine (D:14)
  2 hydras
  A centaur warrior (D:13)
  A juggernaut simulacrum (Abyss:2)
  A boulder beetle (D:13)
  A catoblepas (D:13)
  5 two-headed ogres
  A tengu warrior (D:12)
  6 death yaks (Lair:4)
  Nergalle (Orc:2)
  An orc high priest (Orc:2)
  A skyshark (Lair:3)
  A wretched star (Abyss:2)
  An orb spider (Lair:2)
  A necromancer (D:14)
  2 wizards (D:14)
  7 ugly things
  5 deep elf pyromancers
  3 orc knights
  4 cyclopes
  An orc sorcerer (Orc:2)
  10 elephants (Lair:4)
  3 manticores
  2 large abominations (Abyss:2)
  6 cane toads
  A torpor snail (Lair:2)
  3 gargoyles
  4 unseen horrors
  A kobold demonologist (D:13)
  7 komodo dragons
  A meliai (D:12)
  A polar bear (Lair:2)
  9 trolls
  A hellwing (Abyss:2)
  A polar bear (shapeshifter) (D:13)
  15 blink frogs
  5 raiju (Abyss:2)
  A slime creature (D:12)
  5 shadows
  3 vampires
  6 wyverns
  9 wraiths
  39 yaks
  6 basilisks
  A steam dragon (D:7)
  A chaos spawn (Abyss:2)
  12 vampire mosquitoes
  4 wargs (Orc:2)
  2 acid dragons
  9 water moccasins
  26 orc warriors
  2 sky beasts (D:7)
  3 black bears
  3 ice beasts (D:7)
  10 centaurs
  4 ogres
  A phantom (D:12)
  2 gnoll sergeants
  5 kobold brigands
  15 bullfrogs
  A scorpion (D:7)
  4 water moccasin zombies (Ossuary)
  13 wights
  3 troll zombies (D:12)
  8 killer bees
  A vampire bat (D:8)
  An electric eel (Lair:2)
  6 howler monkeys
  A quasit (Abyss:2)
  4 hounds
  2 jellies
  3 gnoll boudas
  14 orc priests
  Jessica (D:2)
  3 iguanas
  22 orc wizards
  5 ogre zombies (D:12)
  2 mummies (Ossuary)
  21 gnolls
  7 adders
  3 shadow imps
  2 white imps
  An ufetubus (D:5)
  6 adder zombies (Ossuary)
  4 dart slugs
  3 worms
  63 orcs
  4 ball pythons
  7 endoplasms
  6 giant cockroaches
  3 goblins
  5 hobgoblins
  A jackal (Sewer)
  7 quokkas
  17 bats
  6 frilled lizards
  3 gnoll zombies (Ossuary)
  A goblin skeleton (D:12)
  3 goblin zombies (D:12)
  A hobgoblin skeleton (D:12)
  6 hobgoblin zombies
  23 kobolds
  5 kobold zombies (Ossuary)
  3 orc skeletons (D:12)
  28 orc zombies
  10 rats
635 creatures vanquished.

Vanquished Creatures (others)
  An orc wizard (Orc:2)
  An orc (Orc:2)
  A goblin zombie (D:12)
  A lurking horror (Abyss:2)
4 creatures vanquished.

Grand Total: 639 creatures vanquished

Notes
Turn   | Place    | Note
-------+----------+-------------------------------------------
     0 | D:1      | Peloso the Minotaur Fighter began the quest for the Orb.
     0 | D:1      | Reached XP level 1. HP: 19/19 MP: 0/0
    14 | D:1      | Found a faded altar of an unknown god.
   221 | D:1      | Reached XP level 2. HP: 27/27 MP: 1/1
   455 | D:1      | Reached skill level 4 in Shields
   726 | D:2      | Found a sparkling altar of Nemelex Xobeh.
   748 | D:2      | Reached XP level 3. HP: 33/33 MP: 2/2
   983 | D:2      | Noticed Jessica
   991 | D:2      | Killed Jessica
   992 | D:2      | Reached XP level 4. HP: 35/40 MP: 3/3
  1518 | D:3      | Found a hide-covered altar of Uskayaw.
  1520 | D:3      | Found a radiant altar of Vehumet.
  1771 | D:3      | Identified the +1 pair of gloves of the Puckish God {Str+5
                  | Dex+5}
  1789 | D:3      | Found a basalt altar of Yredelemnul.
  1969 | D:3      | Found a shimmering altar of Xom.
  2016 | D:3      | Found a glowing golden altar of the Shining One.
  2017 | D:3      | Found an ancient bone altar of Kikubaaqudgha.
  2021 | D:3      | Reached XP level 5. HP: 47/47 MP: 4/4
  2277 | D:4      | Found a sand-covered staircase.
  2282 | D:4      | Reached skill level 1 in Dodging
  2292 | Ossuary  | Entered an ossuary
  2357 | Ossuary  | Reached skill level 5 in Armour
  2381 | Ossuary  | Reached skill level 5 in Long Blades
  2381 | Ossuary  | Reached XP level 6. HP: 34/53 MP: 5/5
  2442 | Ossuary  | Reached skill level 5 in Fighting
  2559 | D:4      | Reached XP level 7. HP: 34/61 MP: 6/6
  2600 | D:4      | Found a glowing drain.
  2617 | Sewer    | Entered a sewer
  2931 | Sewer    | Found a white marble altar of Elyvilon.
  2994 | D:4      | Found a shadowy altar of Dithmenos.
  3100 | D:4      | Found Kufen's Magic Scroll Emporium.
  3206 | D:4      | Reached skill level 5 in Shields
  3601 | D:5      | Entered Level 5 of the Dungeon
  4185 | D:5      | Found a staircase to the Ecumenical Temple.
  4195 | Temple   | Entered the Ecumenical Temple
  4212 | Temple   | Became a worshipper of Warmaster Okawaru
  4295 | D:5      | Reached XP level 8. HP: 70/70 MP: 7/7
  4499 | D:5      | Found a glowing silver altar of Zin.
  4644 | D:6      | Reached skill level 6 in Shields
  4653 | D:6      | Found a snail-covered altar of Cheibriados.
  5249 | D:6      | Reached skill level 1 in Stealth
  5431 | D:7      | Reached * piety under Okawaru
  5432 | D:7      | Reached skill level 7 in Shields
  5460 | D:7      | Reached XP level 9. HP: 58/77 MP: 6/8
  5467 | D:7      | Reached ** piety under Okawaru
  5477 | D:7      | Reached skill level 8 in Shields
  5490 | D:7      | Identified the +6 war axe of Intuition {elec, MP+9}
  5843 | D:7      | Reached skill level 9 in Shields
  5915 | D:7      | Reached skill level 10 in Long Blades
  6038 | D:7      | Reached *** piety under Okawaru
  6489 | D:8      | Reached skill level 10 in Shields
  6827 | D:8      | Reached XP level 10. HP: 86/86 MP: 9/9
  7306 | D:9      | Reached **** piety under Okawaru
  7401 | D:9      | Reached skill level 11 in Shields
  7759 | D:9      | Noticed a two-headed ogre
  7769 | D:9      | Killed a two-headed ogre
  7901 | D:9      | Found a shimmering blue altar of Sif Muna.
  7901 | D:9      | Found a stormy altar of Qazlal.
  7901 | D:9      | Found an ornate altar of the Wu Jian Council.
  8702 | D:9      | Reached XP level 11. HP: 88/95 MP: 10/10
  8711 | D:9      | Reached ***** piety under Okawaru
  8776 | D:9      | Reached skill level 12 in Shields
  9224 | D:10     | Entered Level 10 of the Dungeon
  9602 | D:10     | Found a staircase to the Lair.
  9812 | D:10     | Found an opulent altar of Gozag.
 10181 | D:10     | Found a bloodstained altar of Trog.
 10219 | D:10     | Found a sacrificial altar of Ru.
 10237 | D:10     | Found a broken altar of Ashenzari.
 10537 | D:11     | Noticed a white ugly thing
 10545 | D:11     | Killed a white ugly thing
 10704 | D:11     | Reached skill level 13 in Shields
 11026 | D:11     | Found Zol Koos's Assorted Antiques.
 11059 | D:11     | Bought a scroll labelled HUSILICUWE for 20 gold pieces
 11059 | D:11     | Bought a pair of faintly humming boots for 190 gold pieces
 11059 | D:11     | Identified the +0 pair of boots "Dunil" {Rampage *Corrode
                  | Fly rPois} (You bought it in a shop on level 11 of the
                  | Dungeon)
 11067 | D:11     | Bought a scroll of identify for 40 gold pieces
 11224 | D:11     | Noticed a two-headed ogre
 11234 | D:11     | Killed a two-headed ogre
 11281 | D:12     | Found Veytad's Jewellery Shoppe.
 11340 | D:12     | Noticed a deep elf pyromancer
 11359 | D:12     | Identified the +4 short sword of Wrath {freeze, Dex+2}
                  | (Okawaru gifted it to you on level 12 of the Dungeon)
 11359 | D:12     | Received a gift from Okawaru
 11371 | D:12     | Reached skill level 10 in Armour
 11393 | D:12     | Killed a deep elf pyromancer
 11493 | Lair:1   | Entered Level 1 of the Lair of Beasts
 12122 | Lair:1   | Reached XP level 12. HP: 106/106 MP: 11/11
 13029 | Lair:2   | Reached skill level 10 in Fighting
 13130 | Lair:2   | Found a hole to the Spider Nest.
 13153 | Lair:2   | Reached skill level 14 in Shields
 13448 | Lair:2   | Identified the +0 scale mail "Caebyecsue" {+Blink Will-
                  | Str+2 Dex+6} (Okawaru gifted it to you on level 2 of the
                  | Lair of Beasts)
 13448 | Lair:2   | Received a gift from Okawaru
 13473 | Lair:2   | Noticed a five-headed hydra
 13877 | D:12     | HP: 5/107 [manticore (5)]
 13878 | D:11     | HP: 2/107 [poisoned by a green ugly thing]
 14316 | D:11     | Reached skill level 15 in Shields
 14917 | D:12     | Found a staircase to the Orcish Mines.
 15101 | Lair:2   | Killed a one-headed hydra
 15378 | Lair:2   | Found a staircase to the Shoals.
 15631 | Lair:3   | Found a runed translucent door.
 15780 | Lair:3   | Reached skill level 1 in Axes
 15780 | Lair:3   | Reached XP level 13. HP: 111/115 MP: 12/12
 16798 | Lair:4   | Reached skill level 1 in Invocations
 16887 | Lair:4   | Reached skill level 16 in Shields
 16901 | Lair:4   | Received a gift from Okawaru
 16959 | Lair:4   | Found a gate leading to a gauntlet.
 16968 | Gauntlet | Entered a Gauntlet
 16968 | Gauntlet | Found a transporter.
 16970 | Gauntlet | Noticed a quicksilver ooze
 16971 | Gauntlet | Found a transporter.
 16974 | Gauntlet | Found a transporter.
 16974 | Gauntlet | Found the +3 Mad Mage's Maulers {Infuse+∞ VampMP -Cast}
 16978 | Gauntlet | Found a transporter.
 16979 | Gauntlet | Found a transporter.
 16980 | Gauntlet | Found a large runed translucent door.
 16980 | Gauntlet | Noticed a blizzard demon
 16981 | Gauntlet | Found a large runed translucent door.
 16982 | Gauntlet | Found a large runed translucent door.
 16982 | Gauntlet | Found a large runed translucent door.
 16982 | Gauntlet | Found a runed translucent door.
 16983 | Gauntlet | Found a large runed translucent door.
 16983 | Gauntlet | Noticed a quicksilver ooze
 16984 | Gauntlet | Found a large runed translucent door.
 16985 | Gauntlet | Found a transporter.
 16987 | Gauntlet | Found a large runed translucent door.
 16987 | Gauntlet | Found a large runed translucent door.
 16990 | Gauntlet | Found a transporter.
 16990 | Gauntlet | Found a runed translucent gate.
 17024 | Gauntlet | Found a transporter.
 17024 | Gauntlet | Found a transporter.
 17027 | Gauntlet | Found a transporter.
 17061 | Gauntlet | Found a transporter.
 17132 | Gauntlet | Found a large runed translucent door.
 17133 | Gauntlet | Found a large runed translucent door.
 17134 | Gauntlet | Found a runed translucent door.
 17135 | Gauntlet | Found a large runed translucent door.
 17135 | Gauntlet | Found a large runed translucent door.
 17136 | Gauntlet | Found a large runed translucent door.
 17137 | Gauntlet | Found a large runed translucent door.
 17138 | Gauntlet | Found a large runed translucent door.
 17138 | Gauntlet | Found a large runed translucent door.
 17141 | Gauntlet | Found a runed translucent gate.
 17141 | Gauntlet | Found a runed translucent gate.
 17143 | Gauntlet | Found a transporter.
 17219 | Gauntlet | Killed a blizzard demon
 17253 | Gauntlet | Identified the amulet of Cynicism {Spirit rPois Str+3
                  | Int+4}
 17316 | Gauntlet | Killed a quicksilver ooze
 17316 | Gauntlet | Identified the +0 chain mail of Ducriba {Str+5} (Okawaru
                  | gifted it to you in a Gauntlet)
 17316 | Gauntlet | Received a gift from Okawaru
 17443 | Gauntlet | Noticed a minotaur
 17456 | Gauntlet | Killed a minotaur
 17818 | Lair:4   | Reached skill level 15 in Long Blades
 18979 | D:12     | Reached skill level 17 in Shields
 19436 | D:12     | Bought the ring "Taru" {rN+ rCorr Str+6 SInv} for 855 gold
                  | pieces
 19638 | D:12     | Reached XP level 14. HP: 119/126 MP: 14/14
 20092 | Orc:1    | Entered Level 1 of the Orcish Mines
 20227 | Orc:2    | Entered Level 2 of the Orcish Mines
 20262 | Orc:2    | Noticed an orc warlord
 20552 | Orc:2    | Killed an orc warlord
 20787 | Orc:2    | Reached skill level 5 in Dodging
 21145 | Orc:2    | Found a staircase to the Elven Halls.
 21816 | Orc:2    | Received a gift from Okawaru
 21838 | Orc:2    | Reached skill level 18 in Shields
 21911 | Orc:2    | Noticed Nergalle
 21913 | Orc:2    | Noticed an orc warlord
 21928 | Orc:2    | Killed Nergalle
 21943 | Orc:2    | HP: 6/127 [orc warlord/+3 glaive of venom (5)]
 21945 | Orc:2    | Killed an orc warlord
 22242 | Orc:2    | Found Carokid's General Store.
 22264 | Orc:2    | Found Vuriolul's Antique Armour Shoppe.
 22282 | Orc:2    | Found Vix Adec's Jewellery Shoppe.
 22300 | Orc:2    | Found Uzaicet's Antique Weapon Shoppe.
 23657 | D:14     | Found a gate to the Vaults.
 23670 | D:14     | Identified the +2 falchion "Testudinebane" {vamp, Dex+2}
                  | (Okawaru gifted it to you on level 14 of the Dungeon)
 23670 | D:14     | Received a gift from Okawaru
 23733 | D:14     | Noticed Josephine
 23745 | D:14     | Killed Josephine
 24029 | D:14     | Noticed Frances
 24211 | D:14     | Killed Frances
 24377 | Abyss:2  | Cast into level 2 of the Abyss (a wizard)
 24406 | Abyss:2  | Found a corrupted altar of Lugonu.
 24418 | Abyss:2  | Found a corrupted altar of Lugonu.
 24485 | Abyss:2  | Reached skill level 19 in Shields
 24525 | Abyss:2  | Found a corrupted altar of Lugonu.
 24587 | Abyss:2  | Noticed a lich
 24606 | Abyss:2  | HP: 5/129 [lich (2)]
 24612 | Abyss:2  | HP: 4/129 [starcursed mass/accursed screaming (3)]
 24613 | Abyss:2  | Killed from afar by a lich

Illustrated notes

Levels and vault maps discovered:
D:1:      ncdulo_wetmaze, layout_basic, ebering_ecumenical_altar_mist,
          minmay_bisected
D:2:      layout_loops_ring, basic_altar, uniq_jessica
D:3:      layout_loops_ring, mainiacjoe_overflow_catwalk,
          mainiacjoe_overflow_boulevard,
          chequers_temple_overflow_statue_of_worship
D:4:      layout_basic, grunt_dithmenos_smoke_and_mirrors, serial_shops,
          kennysheep_mini_moat, portal_sewer_entry_f,
          nicolae_ossuary_entry_monument
D:5:      layout_gridville, zin_treasury, minmay_temple_entry_offerings,
          serial_bayou_ford_a
D:6:      layout_loops_ring, slow_altar_1
D:7:      layout_loops_ring, minmay_alternating_orb
D:8:      layout_loops_ring, roderic_batcave, kennysheep_generic_room_16
D:9:      lemuel_troll_bridge, layout_loops_corners, grunt_temple_overflow_open
D:10:     layout_basic, nicolae_gozag_cash_rules_everything_around_me,
          mainiacjoe_overflow_surrounded_room,
          mainiacjoe_overflow_six_doors_small, mainiacjoe_overflow_alcove_2,
          minmay_lair_entry_grove
D:11:     layout_roguey, serial_shops, shop, lightli_orcish_oven
D:12:     minmay_imperfect_grid, layout_irregular_city, zombieorc2_lemuel,
          serial_shops, shop
D:13:     layout_roguey
D:14:     wad_pebble_path, layout_loops_ring, david_vaults_1,
          yredelemnul_altar_generic, hangedman_aviary, uniq_josephine,
          uniq_frances
Temple:   hellmonk_temple_two_chambers
Lair:1:   layout_roguey, hibernation_bobbens, serial_bayou_shore_b
Lair:2:   layout_gridlike, shoals_dummy_entry,
          nicolae_spider_entry_orb_guardian, grunt_megastairs_3
Lair:3:   dreamdust_labyrinth, layout_regular_city, serial_rivers,
          chequers_serial_rivers_room_a, chequers_serial_rivers_micro_e,
          chequers_serial_rivers_micro_c, chequers_serial_rivers_room_b,
          chequers_serial_rivers_micro_a
Lair:4:   layout_cave_pods, gauntlet_entry_generic, serial_bayou_crossing
Orc:1:    layout_caves, uniq_erolcha
Orc:2:    grunt_orc_cross, layout_diamond_mine, basic_altar,
          nicolae_orc_lava_room
Abyss:2:  base: D:8, evilmike_abyss_exit_7, evilmike_abyss_exit_plants

Skill      XL: |  1  2  3  4  5  6  7  8  9 10 11 12 13 14 |
---------------+-------------------------------------------+-----
Fighting       | 4 5 6 7 8 9 10 12 13 | 13.5
Armour         | 4 5 6 7 8 10 11 12 13 | 13.6
Shields        | 4 5 7 10 11 13 15 17 19 | 19.1
Long Blades    | 3 4 5 6 7 9 10 12 13 14 15 | 15.9
Dodging        | 1 2 3 4 5 |  5.9
Stealth        | 1 |  1.1
Axes           | 1 2 |  2.0
Invocations    | 1 2 |  2.5
Evocations     | |  0.2

Action                     |  1- 3 |  4- 6 |  7- 9 | 10-12 | 13-15 || total
---------------------------+-------+-------+-------+-------+-------++-------
  Melee: Long sword        |    83 |   203 |   330 |       |       ||   616
         Headbutt          |    13 |    35 |    74 |   210 |   297 ||   629
         Scimitar          |       |       |    91 |   828 |   790 ||  1709
         War axe           |       |       |       |     4 |     5 ||     9
         Falchion          |       |       |       |       |   172 ||   172
         Double sword      |       |       |       |       |     3 ||     3
 Invoke: Heroism           |       |       |     1 |     6 |    25 ||    32
  Evoke: Wand              |       |       |       |     3 |       ||     3
    Use: Potion            |     3 |     1 |     1 |     5 |     6 ||    16
         Scroll            |     1 |     4 |     6 |    11 |     2 ||    24
 Armour: Scale mail        |    48 |    33 |       |       |       ||    81
         Chain mail        |       |    47 |   139 |       |   167 ||   353
         Plate armour      |       |       |    67 |   303 |    42 ||   412
  Dodge: Dodged            |    47 |    81 |    95 |   145 |   248 ||   616
  Block: Buckler           |    26 |    45 |     7 |       |       ||    78
         Tower shield      |       |       |   346 |   768 |   957 ||  2071
